Map: [G8] Gresvan

Players

Dark - Winner!

  • Race: Zerg Zerg
  • Spawn Location: 11:00

herO

  • Race: Protoss Protoss
  • Spawn Location: 5:00

Event: Gamers8 2023

VOD

Have the link to the VOD?

Description

Time

  • Played on: Aug. 4, 2023, 6:19 a.m.
  • Length: 15:49

All games in this series

Show
View Real Time Build Order
Export as new Build Order

Dark Zerg - Winner!

Build Orders: Hatch First 

Get SALT Encoding   

  12  0:00  Drone  
  13  0:12  Overlord  
  13  0:17  Drone  
  14  0:42  Hatchery  
  13  0:45  Drone  
  13  0:49  Drone  
  15  0:51  Drone  
  16  1:07  Spawning Pool  
  16  1:11  Drone  
  16  1:15  Drone  
  17  1:20  Drone  
  17  1:23  Extractor  
  17  1:35  Drone  
  18  1:42  Drone  
  19  1:53  Drone  
  20  1:55  Queen x2  
  20  1:57  Zergling x2  
  25  2:05  Drone  
  25  2:07  Overlord  
  26  2:12  Drone  
  27  2:21  Drone  
  28  2:26  Metabolic Boost, Drone x2  
  30  2:34  Drone  
  31  2:46  Hatchery  
  31  2:49  Drone  
  31  2:52  Queen  
  31  2:58  Overlord  
  33  2:59  Drone  
  33  3:02  Drone  
  33  3:03  Drone  
  35  3:16  Zergling x8  
  39  3:20  Overlord  
  39  3:21  Drone x2  
  39  3:23  Spore Crawler  
  40  3:28  Queen  
  40  3:32  Drone  
  43  3:39  Drone x4  
  48  3:41  Drone  
  48  3:49  Overlord  
  48  3:50  Drone  
  48  3:54  Queen  
  51  3:56  Overlord  
  51  3:59  Overlord  
  51  4:07  Queen  
  53  4:10  Spore Crawler, Drone x3  
  53  4:12  Drone  
  53  4:13  Drone  
  53  4:15  Drone  
  58  4:18  Drone x2  
  58  4:21  Drone  
  61  4:26  Drone  
  61  4:27  Drone, Roach Warren  
  61  4:29  Drone  
  63  4:33  Drone x2  
  63  4:38  Overlord  
  65  4:40  Extractor  
  65  4:41  Extractor, Drone x3  
  65  4:42  Drone  
  65  4:44  Drone  
  68  4:48  Overlord  
  68  4:51  Lair  
  68  4:52  Drone  
  69  4:53  Drone  
  69  4:54  Drone  
  69  4:59  Drone x4  
  75  5:03  Zergling x2  
  75  5:05  Zergling x2  
  75  5:06  Zergling x2  
  78  5:13  Roach x4  
  86  5:18  Roach  
  86  5:20  Extractor  
  87  5:25  Drone  
  87  5:26  Drone  
  89  5:30  Overlord  
  89  5:32  Overlord  
  89  5:35  Overlord  
  89  5:36  Overlord  
  89  5:38  Extractor, Overlord  
  89  5:39  Extractor  
  87  5:43  Overlord  
  87  5:47  Drone x2  
  87  5:49  Overlord  
  89  5:52  Glial Reconstitution, Drone  
  89  5:53  Spire  
  89  5:55  Overlord, Drone  
  89  5:56  Roach x2  
  94  5:59  Drone x3  
  94  6:02  Drone  
  98  6:04  Evolution Chamber  
  98  6:07  Drone  
  98  6:15  Zergling x12  
  98  6:18  Overseer  
  104  6:27  Drone  
  104  6:28  Drone x3  
  104  6:31  Hatchery  
  107  6:34  Zerg Melee Weapons Level 1  
  106  6:56  Drone x2  
  106  7:01  Hatchery  
  107  7:05  Mutalisk x9  
  107  7:06  Extractor  
  124  7:08  Extractor  
  124  7:09  Drone x4  
  124  7:15  Drone x3  
  126  7:23  Mutalisk x2  
  126  7:27  Zerg Flyer Weapons Level 1  
  126  7:31  Drone x5  
  130  7:41  Drone x5  
  130  7:42  Drone x5  
  140  7:46  Overlord  
  140  7:49  Overlord  
  140  7:51  Overlord x3  
  140  7:52  Overlord  
  140  7:54  Overlord  
  140  8:05  Extractor  
  138  8:08  Zergling x14  
  142  8:16  Mutalisk x8  
  156  8:23  Zergling x6  
  156  8:26  Mutalisk  
  161  8:28  Extractor  
  161  8:30  Mutalisk  
  161  8:32  Zergling x2  
  161  8:33  Mutalisk  
  165  8:36  Mutalisk  
  165  8:37  Zergling x6  
  165  8:39  Drone x3  
  165  8:41  Mutalisk  
  173  8:44  Zergling x2  
  173  8:45  Zergling x8  
  173  8:47  Zergling x2  
  180  8:49  Mutalisk  
  180  8:51  Mutalisk  
  184  8:57  Hatchery  
  175  9:15  Corruptor x6  
  187  9:22  Corruptor x2  
  189  9:37  Mutalisk x3  
  195  9:39  Hatchery  
  195  9:44  Zerg Flyer Weapons Level 2  
  194  9:48  Zerg Melee Weapons Level 2  
  194  10:05  Mutalisk x2  
  198  10:18  Drone  
  199  10:24  Extractor  
  199  10:27  Extractor  
  195  10:30  Corruptor x3  
  197  10:42  Corruptor  
  193  11:16  Corruptor x11  
  181  11:26  Mutalisk x3  
  181  11:27  Mutalisk x3  
  181  11:28  Zergling x2  
  181  11:29  Zergling x28  
  181  11:32  Mutalisk  
  192  11:34  Drone  
  192  11:35  Drone x2  
  192  11:36  Drone x2  
  194  11:46  Zergling x2  
  194  11:47  Zergling x4  
  197  11:48  Spore Crawler  
  197  11:53  Mutalisk  
  198  11:58  Mutalisk  
  198  12:00  Zerg Flyer Armor Level 1  
  186  12:10  Mutalisk x9  
  186  12:12  Zergling x4  
  199  12:18  Infestation Pit  
  183  12:39  Mutalisk x7  
  183  12:40  Zergling x14  
  183  12:41  Zergling x8  
  200  12:51  Mutalisk x4  
  194  13:09  Hive  
  182  13:13  Mutalisk x5  
  182  13:16  Mutalisk  
  182  13:19  Zergling x2  
  193  13:20  Zergling x26  
  193  13:26  Mutalisk x3  
  187  13:28  Zergling x8  
  188  13:35  Mutalisk x3  
  188  13:39  Mutalisk  
  188  13:40  Spine Crawler  
  186  13:41  Zergling x6  
  186  13:44  Zergling x4  
  186  13:47  Mutalisk  
  188  13:59  Zergling x2  
  188  14:00  Zergling x12  
  184  14:07  Mutalisk x4  
  184  14:16  Mutalisk x2  
  174  14:19  Mutalisk x5  
  174  14:20  Zergling x6  
  174  14:22  Mutalisk  
  176  14:27  Mutalisk  
  176  14:30  Zergling x4, Mutalisk  
  166  14:35  Mutalisk  
  166  14:37  Zergling x10  
  165  14:41  Mutalisk  
  153  14:46  Mutalisk  
  153  14:48  Zergling x10  
  159  14:53  Mutalisk  
  159  14:55  Zergling x10  
  159  14:56  Zergling x6  
  159  14:59  Mutalisk  
  169  15:04  Mutalisk  
  162  15:07  Zergling x4  
  162  15:10  Mutalisk  
  162  15:11  Zergling x8  
  155  15:15  Mutalisk  
  155  15:16  Zergling x4  
  143  15:22  Mutalisk  
  143  15:23  Zergling x6  
  143  15:27  Zergling x6  
Show
View Real Time Build Order
Export as new Build Order

herO Protoss 

Build Orders: 1 Gate Expand 

Get SALT Encoding   

  12  0:00  Probe  
  13  0:15  Pylon  
  13  0:17  Probe (Chrono Boost)  
  14  0:27  Probe (Chrono Boost)  
  15  0:32  Probe (Chrono Boost)  
  16  0:42  Gateway  
  16  0:44  Probe  
  16  0:47  Assimilator  
  17  0:56  Probe  
  18  1:08  Probe  
  19  1:23  Nexus  
  19  1:34  Cybernetics Core  
  19  1:37  Probe  
  20  1:42  Assimilator  
  20  1:49  Probe  
  20  1:52  Pylon  
  21  2:01  Probe (Chrono Boost)  
  22  2:10  Adept  
  22  2:11  Probe (Chrono Boost)  
  25  2:16  Probe (Chrono Boost)  
  25  2:19  Stargate  
  26  2:27  Probe (Chrono Boost)  
  26  2:29  Warp Gate  
  29  2:38  Probe x2 (Chrono Boost)  
  29  2:40  Adept  
  32  2:46  Probe x2 (Chrono Boost)  
  32  2:51  Probe (Chrono Boost)  
  33  2:54  Probe  
  39  3:05  Probe (Chrono Boost)  
  39  3:09  Void Ray  
  39  3:12  Probe (Chrono Boost)  
  41  3:13  Pylon  
  41  3:17  Probe (Chrono Boost)  
  42  3:22  Gateway, Probe (Chrono Boost)  
  42  3:23  Probe (Chrono Boost)  
  44  3:32  Probe  
  44  3:33  Probe  
  46  3:35  Forge  
  46  3:41  Assimilator, Sentry  
  46  3:43  Assimilator  
  46  3:46  Probe (Chrono Boost)  
  50  3:48  Probe (Chrono Boost)  
  51  3:57  Probe (Chrono Boost)  
  51  4:00  Probe (Chrono Boost)  
  51  4:01  Probe (Chrono Boost)  
  52  4:03  Pylon  
  52  4:08  Nexus  
  53  4:12  Probe  
  53  4:16  Protoss Ground Weapons Level 1  
  54  4:21  Probe  
  54  4:23  Twilight Council  
  55  4:25  Robotics Facility  
  55  4:28  Probe  
  56  4:33  Adept  
  56  4:34  Adept  
  60  4:40  Probe  
  60  4:41  Probe  
  60  4:42  Pylon  
  62  4:50  Gateway  
  62  4:52  Gateway  
  62  5:01  Gateway, Blink (Chrono Boost)  
  62  5:02  Probe x2  
  64  5:14  Probe x2 (Chrono Boost)  
  66  5:15  Shield Battery  
  66  5:18  Observer  
  66  5:20  Stalker x2  
  71  5:25  Probe x2 (Chrono Boost)  
  71  5:26  Probe (Chrono Boost)  
  74  5:32  Probe x2 (Chrono Boost)  
  74  5:33  Probe (Chrono Boost)  
  77  5:37  Robotics Bay, Probe (Chrono Boost)  
  77  5:40  Observer (Chrono Boost)  
  77  5:42  Pylon  
  79  5:43  Probe x2  
  79  5:49  Probe  
  82  5:55  Pylon x2, Warp Prism (Chrono Boost)  
  84  6:02  Assimilator x2  
  84  6:04  Stalker x3  
  90  6:05  Probe  
  90  6:06  Probe  
  90  6:07  Protoss Ground Weapons Level 2  
  92  6:12  Probe  
  92  6:13  Pylon x2  
  92  6:17  Probe  
  94  6:20  Pylon  
  94  6:28  Gateway  
  94  6:29  Gateway  
  94  6:30  Colossus (Chrono Boost)  
  94  6:36  Extended Thermal Lance  
  100  6:45  Stalker x3  
  106  6:48  Probe  
  103  6:55  Charge  
  102  7:01  Nexus  
  102  7:03  Pylon  
  102  7:06  Templar Archives  
  102  7:11  Pylon, Colossus (Chrono Boost)  
  108  7:21  Probe x2  
  108  7:22  Probe  
  111  7:24  Observer  
  111  7:28  Phoenix (Chrono Boost)  
  113  7:32  Shield Battery, Stargate  
  113  7:33  Shield Battery  
  113  7:34  Shield Battery  
  105  7:40  Photon Cannon  
  105  7:41  Stalker x3, Shield Battery  
  109  7:44  Phoenix (Chrono Boost)  
  109  7:47  Probe x2  
  109  7:48  Probe  
  114  7:57  Stalker  
  116  8:04  Phoenix (Chrono Boost), Stalker x2  
  116  8:05  Protoss Air Weapons Level 1, Stalker  
  124  8:07  Photon Cannon  
  124  8:09  Shield Battery  
  124  8:16  Phoenix  
  124  8:19  Probe x2  
  128  8:20  Probe  
  128  8:21  Probe  
  128  8:24  Phoenix  
  128  8:26  Photon Cannon  
  132  8:31  Observer, Probe x2  
  132  8:34  Fleet Beacon  
  135  8:39  Stalker x3  
  135  8:41  Probe  
  142  8:45  Shield Battery  
  140  8:49  Phoenix x2 (Chrono Boost)  
  140  8:55  Probe x3  
  147  9:04  Assimilator  
  147  9:05  Phoenix x2 (Chrono Boost)  
  147  9:06  Assimilator  
  151  9:10  Gateway  
  151  9:11  Gateway  
  151  9:17  Pylon  
  151  9:19  Photon Cannon  
  151  9:21  Photon Cannon, Probe x2  
  151  9:23  Probe  
  154  9:27  Anion Pulse-Crystals (Chrono Boost)  
  154  9:29  Phoenix  
  153  9:36  Zealot x4, High Templar x2  
  165  9:41  Photon Cannon, Archon  
  164  9:45  Phoenix  
  164  9:51  Pylon  
  164  9:52  Pylon x2  
  168  10:04  High Templar  
  168  10:05  Zealot, High Templar, Protoss Ground Weapons Level 3 (Chrono Boost)  
  172  10:11  Gateway  
  172  10:13  Gateway  
  172  10:16  Zealot x4  
  172  10:20  Mothership (Chrono Boost)  
  186  10:36  Photon Cannon  
  186  10:39  Photon Cannon, Nexus  
  186  10:40  Pylon  
  186  10:42  Pylon, Protoss Air Weapons Level 2 (Chrono Boost)  
  186  10:49  Disruptor  
  183  10:52  Psionic Storm  
  183  10:54  Pylon  
  175  11:00  Photon Cannon  
  175  11:02  Photon Cannon x2  
  175  11:03  Photon Cannon  
  175  11:04  Photon Cannon  
  175  11:06  Photon Cannon  
  160  11:23  Archon  
  150  11:27  Stalker x2  
  150  11:28  Stalker x7  
  141  11:36  Immortal (Chrono Boost)  
  145  11:43  Photon Cannon, Pylon  
  145  11:44  Pylon  
  145  11:46  Nexus  
  145  11:47  Pylon  
  145  11:51  High Templar  
  145  11:52  Zealot x5, High Templar x3  
  163  11:56  Archon x2  
  157  12:13  Zealot x5, High Templar x2  
  157  12:14  Photon Cannon  
  169  12:16  Shield Battery  
  169  12:17  Archon  
  169  12:18  Photon Cannon  
  169  12:22  Photon Cannon, Observer (Chrono Boost)  
  165  12:35  Observer (Chrono Boost)  
  145  12:37  Stalker x7  
  151  12:51  Zealot, High Templar x2  
  153  12:52  Zealot, Warp Prism (Chrono Boost)  
  153  12:56  Archon  
  161  13:04  High Templar  
  161  13:05  Zealot x3, High Templar  
  167  13:07  Photon Cannon  
  171  13:15  Assimilator  
  171  13:16  Assimilator  
  171  13:19  Photon Cannon  
  171  13:20  Protoss Shields Level 1 (Chrono Boost)  
  163  13:29  Zealot x6  
  175  13:37  High Templar x2  
  175  13:40  Stalker x3  
  185  13:43  Archon  
  185  13:44  Photon Cannon  
  185  13:49  Photon Cannon x2  
  179  14:09  Stalker x8  
  195  14:14  Stalker x2  
  173  14:39  Stalker x6  
  173  14:45  Warp Prism (Chrono Boost), Archon  
  159  14:48  Stalker x9  
  159  14:57  Photon Cannon, Pylon  
  155  15:13  Stalker x7  
  133  15:26  Templar Archives  
  133  15:27  Zealot x4  
Tags
 
Add a new tag
Caveats
  • Supply blocks, unpowered buildings, or Contaminate may cause inaccurate times.
  • Supply counts are checked every 10 seconds.